AoeStats
← Hicox

Arabia

507858689Analyzed
1v1 RM · 13d ago on Sep 20, 2026· 46m 39s· 2 players
Game mode
Random Map
Map size
Tiny (2 player)
Population
200
Speed
Normal
Resources
Standard
Victory
Conquest
Starting age
Dark Age
Ending age
Imperial Age
RankedLock teamsTeams togetherTeam positionsShared explorationLock speedFull tech treeHidden civsTurbo modeCheats
Victory
Defeat
🇦🇷 Khmer · Argentina
889
+15
🇦🇷 Burgundians · Argentina
865
-15
Uru277ww
1:12 Loom
6:10 Double-Bit Axe
10:49 Feudal Age
9:19 Horse Collar
10:44 Wheelbarrow
11:48 Heavy Plow
19:41 Scale Barding Armor
19:54 Gold Mining
23:21 Castle Age
21:48 Bow Saw
22:58 Scale Mail Armor
23:26 Pikeman
25:05 Cavalier
27:39 Squires
31:44 Arson
33:20 Hand Cart
35:02 Crop Rotation
37:47 Imperial Age
36:53 Burgundian Vineyards
37:23 Husbandry
36:45 Light Cavalry
39:34 Chemistry
39:51 Two-Man Saw
39:47 Halberdier
42:19 Paladin
Hicox
8:39 Loom
11:03 Feudal Age
11:29 Town Watch
18:18 Castle Age
17:51 Bloodlines
18:52 Scale Barding Armor
21:00 Horse Collar
21:54 Forging
22:38 Double-Bit Axe
26:44 Wheelbarrow
29:22 Hand Cart
29:52 Husbandry
31:06 Town Patrol
31:55 Heavy Plow
37:18 Imperial Age
35:28 Fletching
36:56 Bow Saw
37:16 Bodkin Arrow
38:48 Crop Rotation
38:21 Double Crossbow
39:19 Bracer
39:19 Padded Archer Armor
40:23 Chemistry
40:03 Ballistics
42:28 Elite Ballista Elephant
Connection lost

Rejoining the realm…

Still unreachable

The connection could not be restored.

Session expired

The server has moved on; the page needs a fresh start.